 Dungeon Crawl Stone Soup version 0.26-a0-30-g56b8cd3df0 (webtiles) character file.

Game seed: 17946126571481958354, levelgen mode: deterministic

128 Gwenloh the Skirmisher (level 4, -1/39 HPs)
             Began as a Centaur Fighter on May 29, 2020.
             Killed by nerve-wracking pain
             ... invoked by a shadow imp
             ... summoned by Natasha
              (10 damage)
             ... on level 2 of the Dungeon.
             The game lasted 00:07:57 (2168 turns).

Gwenloh the Skirmisher (Centaur Fighter)            Turns: 2168, Time: 00:07:58

Health: -1/39      AC:  7    Str: 19    XL:     4   Next: 87%
Magic:  4/4        EV:  8    Int:  7    God:
Gold:   163        SH:  0    Dex:  9    Spells: 3/3 levels left

rFire    . . .     SeeInvis .   a - +3 spear
rCold    . . .     Gourm    .   (no shield)
rNeg     . . .     Faith    .   b - +1 scale mail
rPois    .         Spirit   .   (no helmet)
rElec    .         Reflect  .   (no cloak)
rCorr    .         Harm     .   (no gloves)
MR       .....                  (no barding)
Stlth    ..........             (no amulet)
HPRegen  0.13/turn              (no ring)
MPRegen  0.09/turn              (no ring)

@: very quick
A: large, hooves 3, deformed body, speed 2, tough skin 3
a: no special abilities


You were on level 2 of the Dungeon.
You were not hungry.

You visited 1 branch of the dungeon, and saw 2 of its levels.

You collected 163 gold pieces.

Inventory:

Hand Weapons
 a - a +3 spear (weapon)
 j - a +0 trident
 q - a +1 dagger of venom
Missiles
 e - 26 stones
 o - 20 sling bullets
 p - a throwing net
 u - 3 silver boomerangs (quivered)
Armour
 b - a +1 scale mail (worn)
 c - a +0 kite shield
 v - a +0 chain mail
Scrolls
 k - a scroll of noise
 l - a scroll of remove curse
 t - a scroll of identify
Potions
 d - a potion of might
 g - a potion of curing
 i - a potion of lignification {unknown}
 m - a potion of degeneration {unknown}
 n - a potion of brilliance {unknown}
 r - a potion of haste {unknown}
 s - a potion of magic {unknown}
Comestibles
 f - 7 rations
 h - 5 chunks of flesh


   Skills:
 + Level 3.6 Fighting
 * Level 3.2 Polearms
 + Level 2.7 Armour
 + Level 1.2 Dodging
 - Level 2.1 Shields


You had 3 spell levels left.
You didn't know any spells.
Your spell library was empty.

Dungeon Overview and Level Annotations

Branches:
Dungeon (2/15)

Altars:
Nemelex Xobeh

Annotations:
D:2 Natasha


Innate Abilities, Weirdness & Mutations

You have hooves in place of feet.
Armour fits poorly on your strangely shaped body.
You cover ground very quickly.
You have extremely tough skin. (AC +3)


Message History

You barely miss the shadow imp. The shadow imp hits you.
* * * LOW HITPOINT WARNING * * *
Natasha mewls in sadness.
You hit the shadow imp. Your kick misses the shadow imp.
The shadow imp is lightly wounded.
The shadow imp hits you.
* * * LOW HITPOINT WARNING * * *
Natasha mumbles some strange words.
You feel disoriented.
You completely miss the shadow imp. Your kick misses the shadow imp.
The shadow imp is lightly wounded.
The shadow imp closely misses you.
You hit the shadow imp. You kick the shadow imp.
The shadow imp is almost dead.
The shadow imp barely misses you.
You barely miss the shadow imp. Your kick misses the shadow imp.
The shadow imp is almost dead.
The shadow imp gestures at you. Pain shoots through your body!
You die...

#.# #.# #.#
#.##############
#..............#
##############.#
#.# ##########
#.########
....)h5@.#
#.........
########.#
########## #.#
#####
#.###########.>..
#.....†.......###
###############


You could see Natasha and a shadow imp (summoned).

Vanquished Creatures
  4 gnolls (D:2)
  2 adders (D:2)
  2 oozes
  A dart slug (D:1)
  A ball python (D:1)
  3 bats (D:1)
  2 giant cockroaches
  8 goblins
  5 hobgoblins
  14 jackals
  3 frilled lizards
  6 kobolds
  4 rats
55 creatures vanquished.

Notes
Turn   | Place    | Note
-------+----------+-------------------------------------------
     0 | D:1      | Gwenloh the Centaur Fighter began the quest for the Orb.
     0 | D:1      | Reached XP level 1. HP: 19/19 MP: 1/1
   329 | D:1      | Reached XP level 2. HP: 26/26 MP: 2/2
   918 | D:1      | Reached XP level 3. HP: 31/31 MP: 3/3
  1418 | D:2      | Found a sparkling altar of Nemelex Xobeh.
  1564 | D:2      | Reached skill level 1 in Dodging
  1713 | D:2      | Reached XP level 4. HP: 38/38 MP: 4/4
  2154 | D:2      | Noticed Natasha
  2168 | D:2      | Killed from afar by a shadow imp

Illustrated notes

Levels and vault maps discovered:
D:1:      lemuel_arrival_cross, layout_basic, minmay_heptomino_l4
D:2:      layout_loops_ring, lemuel_crystal_altar, uniq_natasha

Skill      XL: |  1  2  3  4 |
---------------+-------------+-----
Polearms       | 2 3 |  3.2
Dodging        | 1 |  1.2
Fighting       | |  3.6
Armour         | |  2.7
Shields        | |  2.1

Action                   |  1- 3 |  4- 6 || total
-------------------------+-------+-------++-------
Melee: Trident           |   123 |    26 ||   149
       Kick              |    15 |    12 ||    27
       Spear             |       |    34 ||    34
Throw: Stone             |    66 |     6 ||    72
       Boomerang         |       |     5 ||     5
  Use: Scroll            |     5 |       ||     5
       Potion            |     1 |       ||     1
  Eat: Chunk             |     1 |     2 ||     3
Armor: Scale mail        |    53 |    20 ||    73
Dodge: Dodged            |    34 |    13 ||    47

Table legend:
 A = Non-vault XP
 B = Vault XP
 C = Vault XP percentage of total XP
 D = Non-vault monster count
 E = Vault monster count
 F = Vault count percentage of total count
                 A         B        C        D         E       F
            +---------+---------+-------+---------+---------+-------
      Total |     180 |       4 |   2.2 |      52 |       3 |   5.5
            +---------+---------+-------+---------+---------+-------
        D:1 |      45 |       4 |   8.2 |      22 |       3 |  12.0
        D:2 |     135 |       0 |   0.0 |      30 |       0 |   0.0
            +---------+---------+-------+---------+---------+-------
